Map: Acropolis LE

Players

DarwinAwdWnr

  • Race: Zerg Zerg
  • League: Silver
  • Spawn Location: 5:00

LotuS - Winner!

  • Race: Protoss Protoss
  • Spawn Location: 11:00

VOD

Have the link to the VOD?

Description

Time

  • Played on: June 2, 2019, 9:59 p.m.
  • Length: 17:39
Show
View Real Time Build Order
Export as new Build Order

DarwinAwdWnr Zerg 

Build Orders: Hatch First 

Get SALT Encoding   

  12  0:01  Drone  
  13  0:08  Drone  
  14  0:16  Overlord  
  14  0:34  Drone x2  
  16  0:49  Hatchery  
  15  0:56  Drone x2  
  17  1:01  Extractor  
  16  1:13  Spawning Pool  
  15  1:27  Drone x3  
  18  1:49  Drone  
  18  1:54  Drone  
  20  2:03  Queen  
  20  2:06  Queen  
  24  2:16  Metabolic Boost  
  24  2:25  Drone x3  
  24  2:26  Drone  
  24  2:27  Overlord  
  28  2:41  Lair  
  28  2:52  Extractor  
  27  3:03  Drone  
  28  3:13  Queen  
  30  3:22  Drone x4  
  30  3:25  Overlord x2  
  34  3:41  Nydus Network  
  34  3:43  Zergling x2  
  34  3:44  Zergling x14  
  41  4:01  Zergling x2  
  41  4:02  Zergling x2  
  43  4:21  Zergling x10  
  48  4:24  Nydus Canal  
  48  4:38  Zergling x8  
  50  4:59  Zergling x2  
  46  5:00  Zergling x8  
  46  5:07  Zergling x8  
  48  5:12  Zergling x2  
  48  5:13  Zergling x2  
  43  5:22  Zergling x2  
  43  5:25  Zergling x4  
  39  5:33  Zergling x2  
  38  5:36  Overlord  
  33  5:56  Zergling x2  
  31  5:57  Nydus Canal  
  31  6:03  Zergling x2  
  31  6:04  Zergling x8  
  34  6:06  Queen x2  
  38  6:16  Zergling x10  
  43  6:23  Nydus Canal  
  41  6:30  Zergling x4  
  42  6:37  Zergling x4  
  41  6:48  Drone x2  
  41  6:49  Hydralisk Den  
  42  6:57  Drone  
  42  6:58  Drone  
  44  7:05  Hatchery  
  43  7:13  Queen  
  45  7:21  Hydralisk x2  
  46  7:58  Grooved Spines  
  46  8:12  Drone  
  44  8:13  Drone x8  
  48  8:33  Drone x2  
  48  8:34  Drone x7  
  57  8:35  Overlord  
  47  9:26  Spore Crawler  
  46  10:03  Extractor  
  46  10:04  Hydralisk x9  
  46  10:05  Hydralisk, Extractor  
  46  10:06  Overlord x4  
  46  10:07  Overlord  
  64  10:30  Hydralisk  
  64  10:31  Hydralisk x8  
  82  10:43  Muscular Augments  
  82  10:49  Drone  
  83  10:50  Drone x6  
  89  11:24  Overlord x3  
  89  11:25  Overlord  
  89  11:43  Hydralisk x8  
  89  11:44  Hydralisk x2  
  65  12:46  Hydralisk  
  65  12:47  Hydralisk x15  
  73  13:16  Hydralisk  
  73  13:17  Hydralisk x7  
  89  13:28  Extractor x2  
  69  13:48  Overseer  
  55  14:05  Baneling Nest  
  54  14:36  Zergling x2  
  54  14:37  Zergling x54  
  82  14:59  Zergling x14  
  89  15:08  Hatchery  
  89  15:09  Centrifical Hooks  
  88  15:30  Baneling  
  88  15:31  Baneling x15  
  88  15:32  Baneling  
  88  15:34  Baneling  
  88  15:35  Baneling  
  88  16:31  Zergling x2  
  88  16:32  Zergling x22  
  100  16:33  Baneling  
  100  16:34  Baneling x18  
  100  16:35  Baneling  
  100  16:36  Baneling  
  100  16:37  Baneling  
  100  16:38  Baneling  
Show
View Real Time Build Order
Export as new Build Order

LotuS Protoss - Winner!

Build Orders: Oracle Opening 

Get SALT Encoding   

  12  0:01  Probe  
  13  0:13  Probe  
  14  0:18  Pylon  
  14  0:25  Probe  
  15  0:33  Probe  
  15  0:41  Probe  
  16  0:45  Gateway  
  16  0:49  Assimilator  
  17  0:51  Probe  
  18  0:59  Probe  
  19  1:07  Probe  
  19  1:12  Assimilator  
  20  1:20  Probe  
  21  1:33  Cybernetics Core  
  21  1:35  Probe  
  22  1:50  Probe  
  23  1:54  Nexus  
  23  2:00  Pylon  
  23  2:09  Warp Gate  
  23  2:17  Adept  
  23  2:18  Probe  
  26  2:23  Gateway  
  26  2:32  Gateway  
  26  2:34  Probe  
  27  2:46  Probe  
  28  2:58  Probe  
  28  3:05  Probe  
  28  3:08  Stargate  
  28  3:09  Pylon  
  28  3:10  Probe  
  30  3:13  Adept, Probe  
  30  3:18  Shield Battery  
  33  3:22  Probe  
  33  3:26  Zealot, Probe  
  37  3:34  Probe  
  37  3:38  Probe  
  39  3:45  Oracle, Pylon  
  39  3:46  Probe, Assimilator  
  40  3:49  Assimilator  
  40  3:50  Probe  
  44  4:01  Probe  
  44  4:02  Probe  
  46  4:08  Zealot, Pylon  
  46  4:09  Zealot  
  50  4:13  Probe  
  50  4:14  Probe  
  52  4:25  Probe  
  52  4:26  Probe  
  52  4:28  Oracle  
  54  4:33  Sentry  
  54  4:34  Sentry x2  
  54  4:37  Probe  
  64  4:38  Probe  
  64  4:59  Zealot x3  
  55  5:28  Zealot  
  55  5:29  Zealot x2  
  55  5:46  Probe  
  55  5:47  Probe  
  55  5:57  Zealot x3  
  55  5:58  Probe  
  61  6:14  Pylon  
  61  6:15  Pylon  
  58  6:22  Zealot x3  
  62  6:27  Pylon  
  62  6:28  Pylon  
  62  6:30  Pylon  
  61  6:42  Probe  
  61  6:46  Probe  
  63  6:50  Zealot x3, Probe  
  69  6:58  Probe  
  69  7:00  Probe  
  72  7:10  Probe  
  72  7:12  Probe  
  74  7:16  Assimilator  
  74  7:22  Probe  
  75  7:25  Probe  
  75  7:29  Nexus  
  76  7:32  Pylon  
  76  7:34  Probe  
  76  7:37  Probe  
  70  7:48  Forge  
  70  7:49  Forge  
  70  7:53  Pylon  
  70  7:57  Robotics Facility  
  70  8:00  Pylon  
  70  8:01  Stalker x3  
  76  8:19  Probe x2  
  78  8:25  Protoss Ground Armor Level 1, Protoss Ground Weapons Level 1  
  78  8:33  Zealot  
  78  8:34  Zealot x2  
  84  8:37  Nexus  
  84  8:40  Pylon  
  84  8:49  Immortal  
  88  8:56  Probe x2  
  90  9:08  Probe x2  
  89  9:20  Immortal, Probe x2  
  95  9:31  Robotics Bay  
  95  9:34  Gateway x2  
  95  9:36  Pylon  
  95  9:37  Pylon, Gateway  
  95  9:42  Twilight Council  
  95  9:45  Pylon  
  95  9:47  Photon Cannon  
  95  9:48  Immortal, Photon Cannon  
  95  9:54  Photon Cannon  
  95  9:55  Photon Cannon  
  95  9:56  Photon Cannon, Phoenix  
  97  10:06  Probe x2  
  97  10:07  Probe  
  104  10:11  Assimilator  
  104  10:13  Assimilator  
  104  10:15  Pylon  
  104  10:20  Colossus  
  110  10:30  Probe x3  
  110  10:34  Templar Archives, Pylon  
  113  10:36  Protoss Ground Weapons Level 2, Protoss Ground Armor Level 2  
  113  10:54  Pylon  
  113  10:56  Gateway  
  113  10:57  Probe x2  
  113  10:58  Probe  
  113  10:59  Gateway  
  113  11:00  Gateway  
  116  11:14  Psionic Storm  
  116  11:15  High Templar x2  
  116  11:16  High Templar x3  
  126  11:30  Colossus  
  126  11:31  Charge  
  132  11:49  Zealot x3, Nexus  
  132  11:50  Zealot  
  140  12:03  Gateway  
  140  12:05  Gateway  
  140  12:06  Gateway  
  140  12:09  Pylon  
  140  12:15  Photon Cannon  
  140  12:17  Photon Cannon  
  109  12:46  Archon, Protoss Ground Weapons Level 3, Protoss Ground Armor Level 3  
  109  12:47  Archon  
  103  12:51  Zealot  
  103  12:52  Zealot x5  
  103  12:53  Zealot x3  
  121  13:02  Probe x4  
  121  13:03  Resonating Glaives  
  125  13:06  Colossus  
  125  13:14  Probe x2  
  133  13:28  Assimilator  
  133  13:29  Assimilator  
  125  13:53  Gateway  
  125  13:55  Gateway  
  125  13:56  Gateway  
  125  13:58  Pylon  
  125  14:00  Photon Cannon  
  125  14:01  Photon Cannon  
  125  14:04  Photon Cannon  
  125  14:07  Shield Battery  
  125  14:09  Probe, Shield Battery  
  127  14:10  Probe x3  
  127  14:11  Colossus  
  127  14:12  Shield Battery  
  127  14:14  Pylon  
  129  14:18  Pylon  
  129  14:20  Pylon  
  129  14:22  Probe  
  129  14:23  Extended Thermal Lance, Protoss Air Weapons Level 1  
  136  14:29  Fleet Beacon  
  136  14:39  Robotics Facility  
  136  14:41  Robotics Facility  
  136  14:47  Zealot x6  
  148  15:05  High Templar x5  
  158  15:07  Nexus  
  158  15:08  Pylon  
  158  15:21  Anion Pulse-Crystals  
  158  15:39  Colossus x2  
  158  15:40  Colossus  
  158  15:48  Probe x3  
  179  16:02  Stargate  
  179  16:05  Stargate  
  179  16:11  High Templar x6  
  183  16:12  High Templar x4  
  183  16:14  Stargate  
  183  16:15  Archon x3  
  183  16:16  Archon x2  
  199  16:27  Observer  
  200  16:49  Assimilator  
  200  16:51  Assimilator  
  200  16:59  Gateway  
  200  17:01  Gateway  
  200  17:02  Photon Cannon, Gateway  
  200  17:03  Pylon  
Tags
 
League
Silver
Matchup
PvZ
Replay Pack
10.7.19
Spawn Locations
Cross Positions
Add a new tag
Caveats
  • Supply blocks, unpowered buildings, or Contaminate may cause inaccurate times.
  • Supply counts are checked every 10 seconds.